Map: Bridgehead LE (Void)

Players

BIGBOY (Patience) - Winner!

  • Race: Protoss Protoss
  • League: Gold

Bones

  • Race: Protoss Protoss
  • League: Master

Event: ASL Season 5 Prime League LOTV Beta

VOD

Have the link to the VOD?

Description

Time

  • Played on: Sept. 3, 2015, 10:31 p.m.
  • Length: 14:29

All games in this series

Show
View Real Time Build Order
Export as new Build Order

BIGBOY Protoss - Winner!

Build Orders: Phoenix Opening, Zealot Archon 

Get SALT Encoding   

  12  0:00  Probe (Chrono Boost)  
  13  0:10  Probe (Chrono Boost)  
  14  0:18  Pylon  
  14  0:22  Probe (Chrono Boost)  
  15  0:36  Probe (Chrono Boost)  
  15  0:40  Gateway  
  16  0:46  Probe (Chrono Boost)  
  17  0:54  Pylon  
  17  0:56  Probe (Chrono Boost)  
  18  1:03  Assimilator  
  18  1:06  Probe (Chrono Boost)  
  18  1:08  Assimilator  
  19  1:16  Probe (Chrono Boost)  
  20  1:20  Gateway  
  20  1:26  Probe (Chrono Boost)  
  21  1:32  Cybernetics Core  
  21  1:37  Probe (Chrono Boost)  
  22  1:47  Probe (Chrono Boost)  
  23  1:57  Probe (Chrono Boost)  
  24  2:06  Pylon  
  24  2:07  Probe (Chrono Boost)  
  24  2:08  Adept (Chrono Boost)  
  25  2:11  Warp Gate (Chrono Boost)  
  27  2:19  Pylon  
  27  2:21  Mothership Core  
  29  2:31  Adept (Chrono Boost)  
  31  2:37  Stargate  
  30  2:46  Probe (Chrono Boost)  
  29  2:59  Probe (Chrono Boost)  
  30  3:11  Probe (Chrono Boost)  
  31  3:18  Nexus  
  29  3:20  Phoenix (Chrono Boost)  
  29  3:25  Probe  
  32  3:36  Sentry  
  32  3:38  Probe  
  35  3:41  Phoenix (Chrono Boost)  
  35  3:42  Pylon  
  37  3:50  Probe  
  38  3:57  Assimilator  
  38  3:59  Assimilator  
  37  4:03  Phoenix (Chrono Boost)  
  37  4:05  Probe  
  40  4:20  Probe, Pylon  
  40  4:23  Phoenix (Chrono Boost)  
  43  4:32  Probe (Chrono Boost)  
  43  4:33  Probe (Chrono Boost)  
  45  4:43  Probe (Chrono Boost)  
  45  4:44  Probe (Chrono Boost)  
  47  4:51  Robotics Facility  
  47  4:53  Probe (Chrono Boost)  
  47  4:55  Sentry, Stalker  
  47  4:58  Probe (Chrono Boost)  
  53  5:11  Probe (Chrono Boost)  
  54  5:14  Probe (Chrono Boost)  
  54  5:16  Gateway  
  54  5:20  Pylon  
  54  5:21  Probe (Chrono Boost)  
  55  5:25  Probe (Chrono Boost)  
  55  5:26  Sentry  
  59  5:31  Probe (Chrono Boost)  
  59  5:35  Probe (Chrono Boost)  
  61  5:44  Probe (Chrono Boost)  
  61  5:46  Probe (Chrono Boost), Observer (Chrono Boost)  
  64  5:50  Stalker x2  
  64  5:52  Twilight Council  
  68  5:58  Pylon  
  68  5:59  Probe  
  68  6:01  Probe  
  68  6:02  Pylon  
  70  6:05  Observer (Chrono Boost)  
  71  6:14  Gateway  
  71  6:18  Gateway  
  71  6:19  Blink (Chrono Boost)  
  71  6:20  Gateway  
  71  6:32  Stalker x3  
  77  6:36  Templar Archives  
  77  6:46  Gateway  
  77  6:48  Gateway  
  77  6:49  Probe  
  77  6:51  Probe  
  79  6:58  Forge  
  79  7:20  Protoss Ground Weapons Level 1 (Chrono Boost), High Templar  
  79  7:21  High Templar x3  
  87  7:24  Archon x2  
  87  7:27  Nexus  
  87  7:30  Pylon  
  87  7:35  Photon Cannon  
  87  7:44  Pylon  
  87  7:56  Assimilator  
  87  8:00  Probe x2, Assimilator  
  89  8:06  Pylon  
  89  8:08  Warp Prism (Chrono Boost)  
  89  8:28  High Templar x4  
  89  8:32  Archon  
  97  8:34  Archon  
  97  8:35  Adept x3  
  97  8:36  Pylon  
  97  8:37  Adept  
  105  8:43  Probe  
  105  8:45  Probe x2, Pylon  
  105  8:46  Shield Upgrade (Chrono Boost), Protoss Ground Weapons Level 2  
  108  9:10  Adept x4  
  108  9:11  Adept x4  
  122  9:34  Adept x4  
  122  9:35  Adept x4  
  100  9:57  Adept  
  100  9:58  Adept x4  
  100  9:59  Adept x3  
  98  10:27  Adept x2  
  98  10:28  Adept x6  
  108  10:34  Probe  
  108  10:35  Probe  
  114  10:46  Pylon  
  114  10:56  Nexus  
  102  11:02  High Templar x7  
  102  11:03  High Templar  
  110  11:16  Archon x2  
  110  11:17  Archon x2  
  110  11:19  Gateway, Protoss Ground Weapons Level 3  
  110  11:20  Gateway  
  110  11:24  Gateway  
  110  11:25  Gateway  
  104  11:36  Adept x4  
  104  11:37  Adept x4  
  120  11:40  Mothership Core  
  122  11:47  Probe  
  122  11:49  Probe  
  124  11:59  Probe  
  124  12:00  Probe  
  124  12:01  Probe  
  121  12:33  Stalker x3  
  121  12:34  Stalker x3  
  121  12:35  Stalker x2  
  130  12:49  Probe x2  
  130  12:50  Probe x2  
  134  12:55  High Templar x4  
  134  12:56  High Templar  
  134  12:57  Stalker x4, High Templar  
  154  13:00  Archon x2  
  154  13:01  Archon  
  154  13:02  Probe  
  154  13:03  Stalker x2  
  154  13:05  Probe x2  
  159  13:07  Probe, Photon Cannon  
  159  13:12  Observer  
  159  13:14  Probe  
  159  13:16  Photon Cannon  
  159  13:17  Photon Cannon  
  135  13:39  Observer (Chrono Boost)  
  117  14:04  Photon Cannon  
Show
View Real Time Build Order
Export as new Build Order

Bones Protoss 

Build Orders: Oracle Opening, Zealot Archon 

Get SALT Encoding   

  12  0:00  Probe (Chrono Boost)  
  13  0:11  Probe (Chrono Boost)  
  14  0:18  Pylon  
  14  0:21  Probe (Chrono Boost)  
  15  0:35  Probe (Chrono Boost)  
  15  0:36  Gateway  
  16  0:45  Probe (Chrono Boost)  
  16  0:47  Assimilator  
  17  0:51  Assimilator  
  17  0:56  Probe (Chrono Boost)  
  18  1:06  Probe (Chrono Boost)  
  18  1:10  Pylon  
  19  1:16  Probe (Chrono Boost)  
  20  1:26  Probe (Chrono Boost)  
  20  1:27  Cybernetics Core  
  21  1:36  Probe (Chrono Boost)  
  22  1:46  Probe (Chrono Boost)  
  23  1:56  Probe (Chrono Boost)  
  24  2:04  Stargate  
  24  2:05  Adept (Chrono Boost), Warp Gate (Chrono Boost)  
  24  2:08  Probe  
  27  2:15  Pylon  
  27  2:19  Mothership Core (Chrono Boost)  
  29  2:33  Adept  
  31  2:38  Probe (Chrono Boost)  
  31  2:48  Probe (Chrono Boost)  
  32  2:58  Probe (Chrono Boost), Oracle  
  34  3:06  Adept  
  35  3:16  Gateway  
  33  3:25  Probe (Chrono Boost)  
  33  3:35  Probe (Chrono Boost)  
  34  3:46  Probe  
  35  3:50  Pylon  
  35  3:58  Probe  
  36  4:08  Twilight Council  
  33  4:10  Probe  
  33  4:12  Nexus  
  33  4:17  Sentry  
  36  4:23  Pylon  
  36  4:33  Stalker  
  36  4:35  Probe  
  39  4:40  Blink (Chrono Boost)  
  39  4:48  Probe  
  40  4:59  Pylon  
  40  5:00  Probe  
  38  5:09  Stalker x2  
  40  5:15  Probe  
  40  5:21  Gateway  
  41  5:23  Probe  
  41  5:27  Probe  
  42  5:41  Stalker x2  
  46  5:44  Probe x2  
  48  5:54  Probe  
  48  5:56  Probe  
  50  5:58  Forge  
  50  6:05  Probe (Chrono Boost)  
  50  6:08  Probe (Chrono Boost)  
  52  6:16  Probe (Chrono Boost), Assimilator  
  52  6:17  Assimilator  
  53  6:19  Probe (Chrono Boost)  
  49  6:26  Probe (Chrono Boost)  
  49  6:29  Probe (Chrono Boost)  
  51  6:37  Probe (Chrono Boost)  
  51  6:39  Probe (Chrono Boost)  
  53  6:47  Probe (Chrono Boost)  
  53  6:49  Probe (Chrono Boost)  
  55  6:56  Protoss Ground Weapons Level 1  
  55  6:57  Probe (Chrono Boost), Photon Cannon  
  55  6:58  Photon Cannon  
  55  6:59  Probe (Chrono Boost)  
  57  7:02  Templar Archives  
  57  7:07  Probe (Chrono Boost)  
  58  7:09  Probe (Chrono Boost)  
  59  7:16  Probe (Chrono Boost)  
  59  7:19  Probe (Chrono Boost)  
  61  7:27  Probe  
  62  7:37  Probe  
  62  7:38  Shield Upgrade (Chrono Boost)  
  62  7:39  Probe  
  64  7:46  High Templar x3  
  64  7:51  Gateway x2  
  70  7:52  Archon  
  70  7:59  Robotics Facility  
  70  8:05  Gateway  
  70  8:06  Gateway  
  70  8:14  Gateway  
  70  8:17  Pylon  
  70  8:18  Nexus  
  70  8:19  High Templar x3  
  76  8:25  Probe x2  
  76  8:26  Archon  
  75  8:28  Pylon  
  75  8:29  Archon  
  75  8:37  Probe x2  
  77  8:42  Pylon  
  77  8:46  Photon Cannon  
  77  8:47  Observer  
  78  8:49  Probe  
  79  8:56  Photon Cannon  
  79  8:57  Pylon  
  79  8:58  Protoss Ground Weapons Level 2  
  79  8:59  Adept, High Templar x2  
  79  9:01  Archon  
  85  9:15  Adept x3  
  91  9:21  Adept x2  
  89  9:28  Adept  
  85  9:34  Adept x2  
  85  9:35  Adept  
  75  9:38  Adept  
  75  9:43  Adept  
  67  9:49  High Templar x2  
  67  9:53  Archon  
  67  9:54  Adept x2  
  67  10:01  Adept x3  
  67  10:06  Adept  
  63  10:23  Adept x6  
  75  10:30  Observer  
  76  10:36  Adept x2  
  76  10:41  Mothership Core  
  82  10:47  Adept x2  
  86  10:50  Pylon  
  86  10:52  Adept  
  76  11:00  Adept  
  76  11:01  Adept x2  
  66  11:11  Adept x2  
  64  11:17  Adept x2  
  64  11:28  Gateway  
  64  11:32  Stalker x2  
  64  11:36  Stalker  
  66  11:44  Dark Shrine  
  66  11:48  Stalker  
  66  11:51  Stalker  
  68  12:05  Adept x3  
  70  12:22  Adept x2  
  68  12:50  Adept x3  
  68  12:51  Adept x3  
  78  12:56  Dark Templar  
  80  13:01  Dark Templar  
  82  13:21  Stalker  
  82  13:22  Stalker  
  57  13:54  Dark Templar x4  
  59  13:56  Archon x2  
  50  14:09  Zealot x2  
Tags
 
Add a new tag
Caveats
  • Supply blocks, unpowered buildings, or Contaminate may cause inaccurate times.
  • Supply counts are checked every 10 seconds.